[Event "Early-Titled-Tuesday-Blitz-January-30-2024"]
[Site "Chess.com"]
[Date "2024.01.30"]
[Round "4"]
[White "GHANDEEVAM2003"]
[Black "averageFM"]
[Result "1/2-1/2"]
[WhiteElo "3047"]
[BlackElo "2571"]
[TimeControl "180+1"]
[EndTime "8:40:53 PST"]
[Termination "Game drawn by agreement"]

1. b3 e5 2. Bb2 Nc6 3. e3 Nf6 4. Nf3 e4 5. Nd4 Nxd4 6. Bxd4 d5 7. c4 Be7 8. Nc3 c6 9. cxd5 cxd5 10. Bb5+ Bd7 11. Bxd7+ Qxd7 12. f3 O-O 13. O-O Qe6 14. Qe1 exf3 15. Rxf3 Ne4 16. d3 Nxc3 17. Qxc3 Rac8 18.
Qb2 f6 19. Raf1 Bc5 20. b4 Bb6 21. a4 Bxd4 22. Qxd4 b6 23. h3 Qe5 24. Qxe5 fxe5 25. Rf5 Rxf5 26. Rxf5 Rc3 27. Rxe5 Rxd3 28. Re8+ Kf7 29.
Ra8 Rxe3 30. Rxa7+ Kf6 31. Kf2 Re6 32. Rd7 Ke5 33.
Rxg7 Kd4 34. Rxh7 Kc3 35. a5 bxa5 36. bxa5 d4 37. Rc7+ Kb2 38. Rd7 Kc3 39. g4 d3 40.
g5 d2 41. Kf3 Re5 42. Kf4 Rxa5 43. h4 Ra4+ 44. Ke3 Rxh4 45. Rd3+ Kc4 46. Rxd2 Rg4 47. Rc2+ Kb4 48. Rb2+ Kc4 1/2-1/2

[Event "Early-Titled-Tuesday-Blitz-January-30-2024"]
[Site "Chess.com"]
[Date "2024.01.30"]
[Round "4"]
[White "Actuary44"]
[Black "ritanovikova"]
[Result "1-0"]
[WhiteElo "2485"]
[BlackElo "2200"]
[TimeControl "180+1"]
[EndTime "8:40:53 PST"]
[Termination "Actuary44 won on time"]

1. e4 d5 2. e5 Bf5 3. g4 Bg6 4. h4 h5 5. d4 hxg4 6. e6 Qc8 7. exf7+ Bxf7 8. Bd3 Nf6 9. Bg5 Bh5 10. Ne2 Nc6 11. Nf4 Bf7 12. c3 Qd7 13. Nd2 O-O-O 14. Qa4 Kb8 15.
O-O-O e5 16. Ne2 e4 17. Bb5 a6 18. Bxc6 Qxc6 19. Qxc6 bxc6 20. Nf1 Be6 21. Nf4 Bc8 22. Ng6 Rh7 23. Ne5 Kb7 24. Ne3 Be7 25. Rdg1 c5 26.
Ng6 cxd4 27. cxd4 Bd6 28. h5 c6 29. h6 Rd7 30. Nf5 Rf7 31. Nxd6+ 1-0

[Event "Early-Titled-Tuesday-Blitz-January-30-2024"]
[Site "Chess.com"]
[Date "2024.01.30"]
[Round "4"]
[White "dennisodessa"]
[Black "TigrVShlyape"]
[Result "0-1"]
[WhiteElo "2618"]
[BlackElo "2924"]
[TimeControl "180+1"]
[EndTime "8:40:54 PST"]
[Termination "TigrVShlyape won on time"]

1. d4 f5 2. c4 Nf6 3. Nc3 e6 4. Nf3 Bb4 5. Qc2 a5 6. e3 O-O 7.
Bd3 b6 8. O-O Bb7 9. Nd2 Qe8 10.
e4 Nc6 11. d5 Nd4 12. Qd1 Bxc3 13. bxc3 fxe4 14. Nxe4 Nf5 15. Re1 Nxe4 16. Bxe4 Nd6 17.
Bd3 Qf7 18. Qc2 h6 19. dxe6 dxe6 20. Ba3 Qf6 21. Bf1 c5 22. Rab1 Ra6 23. Rbd1 e5 24.
Rd2 Raa8 25. Red1 Ne4 26. Re2 Ng5 27. Re3 Rad8 28. Rxd8 Rxd8 29. Bc1 Ne6 30. g3 Ng5 31. Bg2 Nf3+ 32. Kh1 Qf7 33. Qe2 Rf8 34. h4 Qf5 0-1

[Event "Early-Titled-Tuesday-Blitz-January-30-2024"]
[Site "Chess.com"]
[Date "2024.01.30"]
[Round "4"]
[White "salomez"]
[Black "betta2004"]
[Result "0-1"]
[WhiteElo "2312"]
[BlackElo "2527"]
[TimeControl "180+1"]
[EndTime "8:40:54 PST"]
[Termination "betta2004 won by resignation"]

1. e4 e5 2. Nf3 Nf6 3. Nxe5 Nc6 4.
Nxc6 dxc6 5. Nc3 Bc5 6. Be2 h5 7. d3 Ng4 8. Bxg4 hxg4 9. Bf4 Qf6 10. Qd2 Be6 11. O-O-O Rh5 12. e5 Qe7 13. Ne4 Bb6 14.
Kb1 O-O-O 15. Rhe1 Rd5 16. a3 Ra5 17. Bg3 Rxa3 18.
bxa3 Qxa3 19. c4 Bd4 20. Qa2 Qb4+ 21. Kc2 b5 22. Rb1 Qe7 23. Qa6+ Kd7 24. Qxc6+ Kxc6 25. cxb5+ Kb7 26. Kd2 Qa3 27. Rec1 Bd5 28. e6 Be5 29.
Nc5+ Kc8 30. e7 Qa2+ 31. Rc2 Qa5+ 32. Kd1 Rh8 33. Bxe5 Bxg2 34. Na6 Bf3+ 35. Kc1 Qe1+ 36. Kb2 Qxe5+ 37. d4 Qxd4+ 38. Ka2 Qa4+ 39. Kb2 Qxc2+ 40.
Kxc2 Be4+ 0-1

[Event "Early-Titled-Tuesday-Blitz-January-30-2024"]
[Site "Chess.com"]
[Date "2024.01.30"]
[Round "4"]
[White "secretsuperstar7"]
[Black "EdmundPlayer"]
[Result "1-0"]
[WhiteElo "2509"]
[BlackElo "2268"]
[TimeControl "180+1"]
[EndTime "8:40:54 PST"]
[Termination "secretsuperstar7 won on time"]

1. c4 e5 2. Nc3 Nf6 3. Nf3 Nc6 4. g3 Bc5 5. Bg2 d6 6. O-O a6 7. d3 O-O 8. Rb1 h6 9. a3 Be6 10. b4 Ba7 11. a4 Qd7 12. b5 Ne7 13. bxa6 bxa6 14.
Nd2 Rab8 15. Ba3 Ng6 16. c5 Bh3 17. Nde4 Nxe4 18. Nxe4 Bxg2 19. Kxg2 f5 20. Nc3 Qc6+ 21. e4 Bxc5 22. Bxc5 Qxc5 23. Rc1 Qa5 24. Nd5 fxe4 25. dxe4 c5 26. Qh5 Kh7 27. Qg4 Qxa4 28. h4 Qd4 29. h5 1-0

[Event "Early-Titled-Tuesday-Blitz-January-30-2024"]
[Site "Chess.com"]
[Date "2024.01.30"]
[Round "4"]
[White "LileKoridze"]
[Black "kingofthenil"]
[Result "0-1"]
[WhiteElo "2366"]
[BlackElo "2675"]
[TimeControl "180+1"]
[EndTime "8:40:56 PST"]
[Termination "kingofthenil won by resignation"]

1. d4 d6 2. Nf3 Nc6 3. c4 e5 4. Nc3 g6 5. e3 Bg7 6. Bd3 exd4 7.
exd4 Nxd4 8. O-O Bg4 9. Be4 Nxf3+ 10. Bxf3 Bxf3 11. Qxf3 Ne7 12. Qxb7 O-O 13. Bg5 Qc8 14. Qxc8 Nxc8 15. Rac1 h6 16. Be3 Ne7 17. b3 c6 18.
Rfd1 Nf5 19. Bf4 Rad8 20. Kf1 Rfe8 21. f3 g5 22. Bd2 d5 23. cxd5 cxd5 24. Re1 d4 25. Ne4 d3 26. Rc7 Bd4 27. g3 Re6 28.
Kg2 Bb6 29. Rc4 Nd4 30. Rec1 g4 31. Kf1 Nxf3 32. Rd1 Rd4 33. Rxd4 Bxd4 34. Nf2 Nxh2+ 35.
Kg2 Bxf2 36. Kxf2 Re2+ 37. Kg1 Nf3+ 38. Kf1 Nxd2+ 0-1

[Event "Early-Titled-Tuesday-Blitz-January-30-2024"]
[Site "Chess.com"]
[Date "2024.01.30"]
[Round "4"]
[White "Mops_2004"]
[Black "ozen_metehan"]
[Result "1-0"]
[WhiteElo "2752"]
[BlackElo "2440"]
[TimeControl "180+1"]
[EndTime "8:40:56 PST"]
[Termination "Mops_2004 won by checkmate"]

1. f4 d6 2. Nf3 g6 3. d4 Nf6 4. c4 Bg7 5. Nc3 O-O 6. e4 c5 7. dxc5 Qa5 8. Bd3 Qxc5 9. Qe2 Nc6 10. Be3 Qa5 11. h3 Nh5 12. Kf2 Bxc3 13. bxc3 e5 14. f5 Nf4 15. Qd2 b6 16. g3 Nxd3+ 17. Qxd3 Ba6 18. a4 Rac8 19. Nd2 Rfd8 20. Nb3 Nb4 21. Qd2 Nd3+ 22. Kg2 Bxc4 23. Nxa5 bxa5 24. Bg5 Rd7 25. Bf6 Kf8 26. Qh6+ Ke8 27. Qxh7 Rb7 28. Qg8+ Kd7 29. Qg7 Rb2+ 30. Kf3 gxf5 31. exf5 Bd5+ 32. Kg4 Rc4+ 33.
Kh5 Bf3+ 34. Kh6 Bd5 35. Rab1 Rg2 36. Qf8 Rc8 37. Qe7+ Kc6 38. Qb7+ Kc5 39. Qb5# 1-0

[Event "Early-Titled-Tuesday-Blitz-January-30-2024"]
[Site "Chess.com"]
[Date "2024.01.30"]
[Round "4"]
[White "arenal72"]
[Black "SabinaFoisor"]
[Result "1-0"]
[WhiteElo "2582"]
[BlackElo "2385"]
[TimeControl "180+1"]
[EndTime "8:40:56 PST"]
[Termination "arenal72 won by resignation"]

1. Nf3 d5 2. g3 c6 3. Bg2 Nf6 4. O-O Bf5 5. d3 Nbd7 6. c4 e6 7. Nc3 Be7 8. Be3 O-O 9. Qb3 Ng4 10. Qxb7 Nxe3 11. fxe3 Rb8 12. Qxc6 Rxb2 13. cxd5 exd5 14.
Nxd5 Bc5 15. Nd4 Bg4 16. Qa4 Bxe2 17. Nxe2 Rxe2 18. d4 Bb6 19. Bf3 Rd2 20. Rfd1 Rxd1+ 21. Rxd1 Nf6 22. Nf4 Qe7 23. Re1 g5 24. Nd3 Rc8 25.
Ne5 Qe8 26. Qxe8+ Nxe8 27. Bd5 Nd6 28. Rf1 Rc7 29. Rf6 Nb5 30. Rxf7 Rxf7 31. Bxf7+ Kg7 32.
Bc4 Nxd4 33. Kg2 Nc2 34. e4 h5 35. Kf3 Nd4+ 36. Kg2 Nc2 37. Be2 Ne3+ 38. Kf3 g4+ 39. Kf4 Kf6 40. Nd7+ Ke6 41. Nxb6 Ng2+ 42. Kg5 axb6 43.
Kxh5 Ne3 44. Bxg4+ Ke5 45. Bf3 Nf1 46. g4 Nxh2 47.
Bg2 Kf4 48. g5 Ng4 49. Bh3 Ne5 50. g6 Nxg6 51. Kxg6 Kxe4 52. Kf6 Kd4 53. Ke6 Kc3 54. Kd6 Kb2 55. Be6 b5 56. Kc5 b4 57. Kxb4 1-0

[Event "Early-Titled-Tuesday-Blitz-January-30-2024"]
[Site "Chess.com"]
[Date "2024.01.30"]
[Round "4"]
[White "Iana_Shirova"]
[Black "Heinza9"]
[Result "1-0"]
[WhiteElo "2152"]
[BlackElo "2311"]
[TimeControl "180+1"]
[EndTime "8:40:56 PST"]
[Termination "Iana_Shirova won on time"]

1. e4 e5 2. Nf3 Nc6 3. Bb5 f5 4. d3 Nf6 5. O-O d6 6. Nc3 Be7 7. d4 fxe4 8. dxe5 exf3 9. exf6 Bxf6 10. Re1+ Kf8 11. Bxc6 bxc6 12. Qxf3 d5 13. Bg5 h6 14.
Bxf6 Qxf6 15. Qg3 Qd6 16. Qf3+ Qf6 17. Qg3 Qd6 18. Qd3 Be6 19. Rad1 Re8 20. Qg6 Bf7 21.
Qf5 Rxe1+ 22. Rxe1 g6 23. Qe5 Rh7 24. h3 Qxe5 25.
Rxe5 Be8 26. Na4 Re7 27. f4 Rxe5 28. fxe5 Ke7 29. Nc5 Bf7 30. c3 d4 31. cxd4 Bxa2 32. b4 Bd5 33. Kf2 g5 34. g3 Kf7 35.
Ke3 Ke7 36. h4 gxh4 37. gxh4 h5 38. Kf4 Bc4 39. Ne4 Be2 40. Ng3 Bd1 41. Ne4 Ke6 42. Nc3 Bg4 43. Ke4 Ke7 44. Ke3 Ke6 45. Kf4 Ke7 46. Ne4 Ke6 47. Nf6 Bd1 48. Kg5 1-0

[Event "Early-Titled-Tuesday-Blitz-January-30-2024"]
[Site "Chess.com"]
[Date "2024.01.30"]
[Round "4"]
[White "sonicdravise"]
[Black "MatthewG-p4p"]
[Result "0-1"]
[WhiteElo "2614"]
[BlackElo "2866"]
[TimeControl "180+1"]
[EndTime "8:40:57 PST"]
[Termination "MatthewG-p4p won by resignation"]

1. d4 d5 2. c4 e6 3. Nc3 c6 4.
Nf3 dxc4 5. e4 b5 6. Be2 Bb7 7. O-O a6 8. Rb1 Nd7 9. b3 cxb3 10. Qxb3 Ngf6 11. e5 Nd5 12. Ne4 c5 13. Bg5 Qb6 14. Nfd2 c4 15. Qh3 Qxd4 16. Nd6+ Bxd6 17. exd6 Nc3 18. Bf3 Bxf3 19. Qxf3 O-O 20. Rbc1 Qe5 21. Bf4 Ne2+ 22. Kh1 Nxf4 23. Rce1 Qf5 24. Qb7 Rad8 25.
Nf3 Qd5 26. Qxa6 Nd3 27. Re2 Qc5 28. Qb7 Nf6 29. Kg1 Rxd6 30. Qe7 Rc6 31. Qb7 Rc7 32. Qa6 Ra7 0-1

[Event "Early-Titled-Tuesday-Blitz-January-30-2024"]
[Site "Chess.com"]
[Date "2024.01.30"]
[Round "4"]
[White "BestStelker"]
[Black "InitiatingASC"]
[Result "1-0"]
[WhiteElo "2668"]
[BlackElo "2416"]
[TimeControl "180+1"]
[EndTime "8:40:58 PST"]
[Termination "BestStelker won on time"]

1. Nf3 Nc6 2. d4 d5 3. c4 Bg4 4.
cxd5 Bxf3 5. gxf3 Qxd5 6. e3 e5 7. Nc3 Bb4 8. Bd2 Qa5 9. a3 Be7 10. d5 Nd8 11. Bb5+ c6 12. dxc6 bxc6 13. Nd5 Qxb5 14.
Nc7+ Kf8 15. Nxb5 cxb5 16. Bb4 Ne6 17. Qd5 Rd8 18. Qxe5 Nf6 19. O-O a6 20. Rfd1 Re8 21. Bxe7+ Rxe7 22. Rac1 Ne8 23. Rc8 f6 24. Qb8 Kf7 25.
f4 f5 26. Qe5 Kg6 27. Rd5 Rf8 28. e4 Kf7 29. exf5 Ng5 30. Qc3 Ne4 31. Qc6 N8f6 32. Rxf8+ Kxf8 33. Rd8+ Kf7 34. Qxa6 1-0

[Event "Early-Titled-Tuesday-Blitz-January-30-2024"]
[Site "Chess.com"]
[Date "2024.01.30"]
[Round "4"]
[White "K_A_S_T_O_R"]
[Black "Snegokhod"]
[Result "1-0"]
[WhiteElo "2911"]
[BlackElo "2570"]
[TimeControl "180+1"]
[EndTime "8:40:59 PST"]
[Termination "K_A_S_T_O_R won by resignation"]

1. e4 g6 2. d4 b6 3. Nf3 Bb7 4. Bd3 Bg7 5. O-O e6 6. Re1 Ne7 7. c3 O-O 8. Nbd2 d6 9. Nf1 Nd7 10.
Ng3 c5 11. Be3 cxd4 12. cxd4 Rc8 13. Qd2 e5 14. Bh6 Nc6 15. Bxg7 Kxg7 16. d5 Ne7 17. b4 Ng8 18. Rac1 Qe7 19. Bb5 Ndf6 20. Bc6 Rc7 21.
Bxb7 Rxb7 22. Rc6 Rc7 23. Rec1 Rfc8 24. Qg5 Kf8 25. b5 Ne8 26. Qd2 Kg7 27. h3 h6 28.
a4 Qd7 29. Qd3 Ne7 30. Nd2 Nxc6 31. dxc6 Qe6 32. Nc4 Nf6 33. Ne3 Rd8 34. Rd1 a6 35. Nd5 Nxd5 36. exd5 Qc8 37. Qe3 axb5 38. axb5 Qb8 39.
Ne4 Re7 40. Nd2 f5 41. Nc4 Qa7 42. Qxb6 Qxb6 43. Nxb6 Rb8 44. Nc4 Rxb5 45. Nxd6 Rc5 46. Nb7 Rxb7 47. cxb7 Rb5 48. d6 Rxb7 49. d7 1-0

[Event "Early-Titled-Tuesday-Blitz-January-30-2024"]
[Site "Chess.com"]
[Date "2024.01.30"]
[Round "4"]
[White "tuschessCM1"]
[Black "N4700000"]
[Result "1-0"]
[WhiteElo "2680"]
[BlackElo "2422"]
[TimeControl "180+1"]
[EndTime "8:40:59 PST"]
[Termination "tuschessCM1 won on time"]

1. c4 e5 2. g3 Nf6 3. Bg2 Bc5 4.
Nc3 O-O 5. Nf3 d6 6. O-O Nc6 7. e3 a6 8. h3 Bf5 9. d4 Ba7 10. a3 Qc8 11. Kh2 Re8 12. b4 Ne4 13. Bb2 Nxc3 14.
Bxc3 exd4 15. exd4 Be4 16. d5 Bxf3 17. Qxf3 Ne5 18. Qf4 Qd7 19. Rae1 f6 20. Be4 Ng6 21. Qf3 Ne5 22. Qh5 g6 23. Qh4 f5 24. Bg2 Qf7 25. c5 a5 26. f4 Nd7 27. c6 Nb6 28. cxb7 Rab8 29. Rxe8+ Rxe8 30. bxa5 Nc4 31. Re1 Rxe1 32. Bxe1 Qe8 33. g4 Qe3 34. Bf2 Qxf4+ 35. Qg3 Qxg3+ 36. Kxg3 1-0

[Event "Early-Titled-Tuesday-Blitz-January-30-2024"]
[Site "Chess.com"]
[Date "2024.01.30"]
[Round "4"]
[White "FormerProdigy"]
[Black "kleinebeer98"]
[Result "1/2-1/2"]
[WhiteElo "3024"]
[BlackElo "2864"]
[TimeControl "180+1"]
[EndTime "8:41:01 PST"]
[Termination "Game drawn by repetition"]

1. e4 e5 2. Nf3 Nc6 3. Bb5 f5 4. d3 fxe4 5. dxe4 Nf6 6. Bc4 Bb4+ 7. Bd2 Bxd2+ 8. Nbxd2 d6 9. c3 Qe7 10. Qb3 a6 11.
O-O b5 12. Bd5 Nxd5 13. exd5 Nd8 14. a4 Rb8 15. axb5 axb5 16. Ra7 O-O 17. Re1 Kh8 18.
c4 Bf5 19. cxb5 Nb7 20. Qc4 Nc5 21. b4 Nd3 22. Rxc7 Qf6 23. Ne4 Bxe4 24. Rxe4 Nf4 25. Re3 Ra8 26. Qe4 Ra1+ 27. Re1 Rxe1+ 28. Qxe1 Nxg2 29.
Qe4 Nh4 30. Qxh4 Qxf3 31. b6 Qd1+ 32. Kg2 Qf3+ 33. Kg1 Qd1+ 34. Kg2 Qxd5+ 35. Kg1 Qd1+ 36. Kg2 Qf3+ 37. Kg1 Qd1+ 38. Kg2 Qf3+ 39. Kg1 Qd1+ 1/2-1/2

[Event "Early-Titled-Tuesday-Blitz-January-30-2024"]
[Site "Chess.com"]
[Date "2024.01.30"]
[Round "4"]
[White "SchmakAttack"]
[Black "vishwa_vijeta"]
[Result "1-0"]
[WhiteElo "2743"]
[BlackElo "2547"]
[TimeControl "180+1"]
[EndTime "8:41:01 PST"]
[Termination "SchmakAttack won on time"]

1. d4 Nf6 2. Nf3 g6 3. c4 Bg7 4.
Nc3 d5 5. cxd5 Nxd5 6. e4 Nxc3 7. bxc3 c5 8. Rb1 O-O 9. Be2 Bg4 10. Rxb7 Nc6 11. O-O Bxf3 12. Bxf3 cxd4 13. cxd4 Nxd4 14. Ba3 Qc8 15. Rxe7 Rd8 16. e5 Nc6 17. Qe2 Bf8 18. Bxc6 Qxc6 19. Qe3 Qa6 20. Qf4 Bxe7 21. Bxe7 Qxa2 22.
Bxd8 Rxd8 23. h4 Qe6 24. Ra1 Qd7 25. Qf6 h5 26. Rxa7 Qd1+ 27. Kh2 Qd5 28. e6 1-0

[Event "Early-Titled-Tuesday-Blitz-January-30-2024"]
[Site "Chess.com"]
[Date "2024.01.30"]
[Round "4"]
[White "Matols"]
[Black "PabloZarnicki"]
[Result "1-0"]
[WhiteElo "2390"]
[BlackElo "2556"]
[TimeControl "180+1"]
[EndTime "8:41:01 PST"]
[Termination "Matols won on time"]

1. d4 Nf6 2. c4 g6 3. g3 Bg7 4.
Bg2 O-O 5. Nc3 d6 6. Nf3 Nbd7 7.
O-O e5 8. e4 exd4 9. Nxd4 Re8 10. h3 Nc5 11. Re1 Bd7 12. Rb1 h5 13. Bg5 Qc8 14. Kh2 a6 15. b4 Ne6 16. Nxe6 Bxe6 17. Nd5 Nxd5 18. cxd5 Bd7 19. Rc1 a5 20. Qc2 axb4 21.
Qxc7 Bc3 22. Rxc3 bxc3 23. Qxd6 Rxa2 24. Bh6 Rxf2 25. e5 Bxh3 26. Rg1 c2 27. e6 Rxg2+ 28.
Rxg2 Bxg2 29. Qe5 f6 30. Qxf6 Qc7 31. Qxg6+ Kh8 32. Qxe8+ Kh7 33. Qf7+ Qxf7 34. exf7 c1=Q 35. Bxc1 Kg7 36. Kxg2 Kxf7 37. Kf3 Ke7 38. Ke4 b5 39. Ba3+ Kf6 40. Kf4 Kg6 41. d6 Kf7 42. d7 1-0

[Event "Early-Titled-Tuesday-Blitz-January-30-2024"]
[Site "Chess.com"]
[Date "2024.01.30"]
[Round "4"]
[White "akanga001"]
[Black "publicaccountcze"]
[Result "0-1"]
[WhiteElo "1981"]
[BlackElo "2301"]
[TimeControl "180+1"]
[EndTime "8:41:01 PST"]
[Termination "publicaccountcze won by resignation"]

1. d4 Nf6 2. Nf3 g6 3. Bg5 Bg7 4. e3 O-O 5. Nbd2 c5 6. c3 Qc7 7. Bd3 d5 8. O-O b6 9. Bf4 Qd8 10. h3 Ba6 11. Qe2 Bxd3 12. Qxd3 c4 13. Qc2 Nc6 14.
e4 dxe4 15. Nxe4 b5 16. Nc5 Nd7 17. Nxd7 Qxd7 18. Qe2 Rfe8 19. Ne5 Nxe5 20. dxe5 Qc6 21. Rad1 Rad8 22. Rxd8 Rxd8 23. Rd1 Qc8 24. Rd2 Kf8 25. Qd1 Ke8 26. Rd4 Rd7 27. a4 a6 28. axb5 axb5 29. Qd2 Qd8 30. Rxd7 Qxd7 31. Qxd7+ Kxd7 32. Kf1 Ke6 33. Ke2 Bxe5 34. Bxe5 Kxe5 35. Ke3 f5 36. f4+ Kd5 37. g4 e5 38. fxe5 Kxe5 39. Kf3 f4 40. h4 h6 41. h5 g5 42. Kf2 Ke4 43. Ke2 f3+ 44. Kf2 Kf4 0-1

[Event "Early-Titled-Tuesday-Blitz-January-30-2024"]
[Site "Chess.com"]
[Date "2024.01.30"]
[Round "4"]
[White "FabianoCaruana"]
[Black "Alex_Sahakyan2006"]
[Result "1-0"]
[WhiteElo "3061"]
[BlackElo "2876"]
[TimeControl "180+1"]
[EndTime "8:41:02 PST"]
[Termination "FabianoCaruana won on time"]

1. d4 Nf6 2. c4 c5 3. d5 b5 4. cxb5 a6 5. bxa6 e6 6. Nc3 exd5 7. Nxd5 Be7 8. e3 Nxd5 9. Qxd5 Nc6 10. Nf3 Bxa6 11.
Bxa6 Qa5+ 12. Qd2 Qxa6 13. Qe2 Nb4 14. Qxa6 Rxa6 15. Ke2 Nxa2 16. Bd2 Bf6 17. Rab1 O-O 18. Rhd1 Rb8 19. Be1 d6 20. Nd2 Ra4 21. Nf3 Ra6 22. b3 Rab6 23. g4 h6 24. h4 Rxb3 25. Rxb3 Rxb3 26. Rxd6 c4 27. g5 hxg5 28. hxg5 Bc3 29.
Rc6 Bxe1 30. Kxe1 c3 31. Nd4 Rb2 32. Kf1 Rd2 33. Kg2 Rd3 34. Kf3 Rd2 35. Kg3 Kh7 36. f4 Rd3 37. Kf3 Nb4 38. Rc4 Na2 39. f5 Nc1 40. Rc6 Na2 41. g6+ fxg6 42. fxg6+ Kh6 43.
Kg4 Rxd4+ 44. exd4 1-0

[Event "Early-Titled-Tuesday-Blitz-January-30-2024"]
[Site "Chess.com"]
[Date "2024.01.30"]
[Round "4"]
[White "artin10862"]
[Black "Sina_Movahed"]
[Result "0-1"]
[WhiteElo "2857"]
[BlackElo "3038"]
[TimeControl "180+1"]
[EndTime "8:41:03 PST"]
[Termination "Sina_Movahed won on time"]

1. b3 d5 2. Nf3 c5 3. e3 Nc6 4. Bb5 Bd7 5. Bb2 Rc8 6. O-O e6 7. c4 dxc4 8. Bxc4 Nf6 9. Nc3 Be7 10. a3 a6 11. Qc2 b5 12. Be2 O-O 13. Rac1 Qb6 14. Ne4 Nxe4 15. Qxe4 Rfd8 16. Rfd1 Be8 17. Qg4 Bf8 18. h4 h6 19. h5 Qb7 20. Qg3 Rd5 21. Nh2 Rg5 22. Qh3 Na5 23. f4 Rf5 24.
Rc3 b4 25. axb4 cxb4 26. Rxc8 Qxc8 27. Bd3 Rd5 28. Be4 Rc5 29. d4 Rc2 30. Ba1 Nxb3 31. Nf3 Rc1 32. Rxc1 Qxc1+ 33. Kh2 Nxa1 34. f5 Qxe3 35.
Qg4 Bd7 36. f6 Nb3 37. Ne5 Qxd4 0-1

[Event "Early-Titled-Tuesday-Blitz-January-30-2024"]
[Site "Chess.com"]
[Date "2024.01.30"]
[Round "4"]
[White "eagleclaw07"]
[Black "Alexander_Donchenko"]
[Result "0-1"]
[WhiteElo "2748"]
[BlackElo "2949"]
[TimeControl "180+1"]
[EndTime "8:41:03 PST"]
[Termination "Alexander_Donchenko won by checkmate"]

1. d4 Nf6 2. c4 e6 3. g3 c5 4. d5 exd5 5. cxd5 d6 6. Nc3 g6 7. Nf3 Bg7 8. Bg2 O-O 9. O-O Re8 10. Bf4 Bf5 11. Nh4 Bg4 12. h3 Nh5 13. hxg4 Nxf4 14. gxf4 Qxh4 15. e3 Bxc3 16. bxc3 Nd7 17. Bf3 Qe7 18.
Kg2 b5 19. Rh1 a5 20. Qd3 b4 21. c4 a4 22. g5 Reb8 23. Bg4 Nf8 24. e4 b3 25.
axb3 Rxb3 26. Qc2 Rab8 27. Rhe1 a3 28. e5 dxe5 29. Rxe5 Qd6 30. Qe4 Rc3 31. Qe1 Rxc4 32. Rxa3 Rxf4 33. Rg3 Rb2 34. Bf3 Rd4 35. Re8 Rdd2 36.
Rc8 Kg7 37. Kg1 Rxf2 38. Qxf2 Rxf2 39. Kxf2 Nd7 40. Rc6 Qf4 41. Rg4 Qd2+ 42. Kg3 Ne5 43. Rf4 Nxf3 44. Rxf3 Qxg5+ 45. Kf2 Qd2+ 46. Kg1 Qxd5 47.
Rcf6 h5 48. Rf2 c4 49. R6f3 h4 50. Kh2 g5 51. Rh3 c3 52. Rhf3 Qe5+ 53. Kh3 f6 54. Rf5 Qg3# 0-1

[Event "Early-Titled-Tuesday-Blitz-January-30-2024"]
[Site "Chess.com"]
[Date "2024.01.30"]
[Round "4"]
[White "IMRosen"]
[Black "maciejbrzeski128"]
[Result "1-0"]
[WhiteElo "2722"]
[BlackElo "2431"]
[TimeControl "180+1"]
[EndTime "8:41:04 PST"]
[Termination "IMRosen won on time"]

1. e4 c5 2. Nc3 Nc6 3. Bb5 g6 4. Bxc6 dxc6 5. d3 Bg7 6. f4 c4 7. Nf3 cxd3 8. cxd3 Nf6 9. O-O O-O 10. Kh1 b6 11.
Qe2 Ba6 12. Rd1 Qc7 13. Be3 Rfd8 14. Rac1 Rac8 15. Ne5 c5 16. Qc2 e6 17. Bf2 Nd7 18.
Qa4 Nxe5 19. Qxa6 Ng4 20. Bg3 Qc6 21. h3 Ne3 22. Rd2 c4 23. Bf2 Bd4 24. Nb5 Bc5 25. Nxa7 Qa8 26. d4 Qxe4 27. Bxe3 Qxe3 28. Rcd1 Ra8 29. Qb7 Bxd4 30. Nc6 1-0

[Event "Early-Titled-Tuesday-Blitz-January-30-2024"]
[Site "Chess.com"]
[Date "2024.01.30"]
[Round "4"]
[White "gshwbedhkhd"]
[Black "MightyGMpretender"]
[Result "1-0"]
[WhiteElo "2604"]
[BlackElo "2819"]
[TimeControl "180+1"]
[EndTime "8:41:05 PST"]
[Termination "gshwbedhkhd won by resignation"]

1. f4 g6 2. Nf3 Bg7 3. g3 Nh6 4. Bg2 O-O 5. O-O d5 6. Qe1 c5 7. d3 Nc6 8. e4 Bg4 9. Na3 dxe4 10. dxe4 Rc8 11. c3 Qd3 12. Rf2 Rfd8 13. Bd2 Be6 14.
Bf1 Qd7 15. Ng5 Ng4 16. Rg2 Nf6 17. Nxe6 Qxe6 18. e5 Nd5 19. Rd1 a6 20. Nc2 b5 21. g4 Nb6 22. b3 f6 23. exf6 Qxe1 24. Rxe1 Bxf6 25. Re3 Nd5 26. Rf3 b4 27. cxb4 Ndxb4 28. Nxb4 cxb4 29. Bxa6 Ra8 30. Bc4+ Kf8 31. f5 g5 32. Be1 Ne5 33. Rh3 Nxc4 34. bxc4 Rd2 35. Rxd2 Kg7 36. Re2 Rc8 37. Bxb4 Rxc4 38. Bxe7 Rxg4+ 39. Kh1 Bd4 40. Rg2 Re4 41. Rxg5+ Kf7 42. Rxh7+ Ke8 43. Rg8+ Kd7 44. Bf6+ Re7 45. Rxe7+ 1-0

[Event "Early-Titled-Tuesday-Blitz-January-30-2024"]
[Site "Chess.com"]
[Date "2024.01.30"]
[Round "4"]
[White "vladoboch"]
[Black "Durarbayli"]
[Result "0-1"]
[WhiteElo "2487"]
[BlackElo "2917"]
[TimeControl "180+1"]
[EndTime "8:41:06 PST"]
[Termination "Durarbayli won by resignation"]

1. e4 e5 2. Nf3 Nc6 3. Bc4 Nf6 4. d3 h6 5. O-O d6 6. Re1 g5 7. c3 Bg7 8. b4 O-O 9. h3 Ne7 10. Nbd2 c6 11. Bb3 Ng6 12. Nf1 d5 13. Ng3 Re8 14. a4 Be6 15. Nf5 dxe4 16. dxe4 Qxd1 17.
Bxd1 Bxf5 18. exf5 e4 19. fxg6 exf3 20. Rxe8+ Rxe8 21. gxf7+ Kxf7 22. Be3 Nd5 23. Bxf3 Nxe3 24. Bh5+ Ke7 25.
Bxe8 Bxc3 26. Rb1 Nd5 27. Bg6 Bxb4 28. Be4 a5 29. Bxd5 cxd5 30. Kf1 Kd6 31. Ke2 b5 32.
axb5 Kc5 33. Kd3 Kxb5 34. g3 a4 35. f4 gxf4 36. gxf4 a3 37. Ra1 Ka4 38. Kc2 d4 39.
f5 Bc3 40. Kd3 Bxa1 41. f6 a2 42. f7 Bc3 43. f8=Q a1=Q 44. Qa8+ Kb3 45. Qd5+ Kb2 46. Qb5+ Kc1 47. Qh5 Qb1+ 48. Ke2 Qc2+ 49. Kf1 Qd1+ 50. Qxd1+ Kxd1 0-1

[Event "Early-Titled-Tuesday-Blitz-January-30-2024"]
[Site "Chess.com"]
[Date "2024.01.30"]
[Round "4"]
[White "Statham_01"]
[Black "topce"]
[Result "0-1"]
[WhiteElo "2544"]
[BlackElo "2387"]
[TimeControl "180+1"]
[EndTime "8:41:06 PST"]
[Termination "topce won on time"]

1. e4 e6 2. Qe2 c5 3. Nf3 Nc6 4. c3 Nf6 5. e5 Nd5 6. d4 cxd4 7. cxd4 d6 8. Nc3 Nxc3 9. bxc3 dxe5 10. dxe5 Bc5 11.
Qe4 Qa5 12. Bd2 Qb6 13. Qh4 h6 14. Bd3 g5 15. Qg3 Bd7 16. O-O O-O-O 17. Rab1 Qc7 18. Rfd1 Rdg8 19. h3 f5 20. Nd4 Qxe5 21. Qf3 g4 22.
hxg4 Rxg4 23. Ba6 Rhg8 24. Bxb7+ Kc7 25. Bxc6 Rxg2+ 26. Qxg2 Rxg2+ 27. Bxg2 Qg7 28. Kf1 e5 29. Ne6+ Bxe6 30. Rb7+ Kc8 31. Rxg7 Bc4+ 32. Kg1 e4 33. Bh3 Be6 34. Be3 Ba3 0-1

[Event "Early-Titled-Tuesday-Blitz-January-30-2024"]
[Site "Chess.com"]
[Date "2024.01.30"]
[Round "4"]
[White "aghasiyevkamal"]
[Black "MetiForce"]
[Result "0-1"]
[WhiteElo "2591"]
[BlackElo "2845"]
[TimeControl "180+1"]
[EndTime "8:41:07 PST"]
[Termination "MetiForce won on time"]

1. d4 b6 2. e4 Bb7 3. Bd3 c5 4. d5 e6 5. c4 d6 6. Nc3 Nd7 7. dxe6 fxe6 8. Nf3 Ngf6 9. O-O Ne5 10. Nxe5 dxe5 11. Qf3 Bd6 12. Qh3 Qe7 13. Be3 O-O 14.
Rad1 Rad8 15. f3 h6 16. a3 Nh7 17. Qg3 Kh8 18. Bc2 Bb8 19. f4 Rxd1 20. Bxd1 exf4 21.
Bxf4 Bxf4 22. Rxf4 Rd8 23. Bh5 Nf6 24. Bg6 Qd6 25.
Qf2 Qe5 26. h3 Qg5 27. Bf7 Bc8 28. Rf3 Rf8 29. h4 Qc1+ 30. Qf1 Qxf1+ 31. Rxf1 Rxf7 32. e5 Bb7 33. exf6 gxf6 34. Rd1 Kg7 35. Rd6 Re7 36. Kf2 f5 37. g4 fxg4 38. h5 Kf6 39. Kg3 Kg5 40.
b4 cxb4 41. axb4 Kxh5 42. c5 bxc5 43. bxc5 Rc7 44. Rxe6 Rxc5 45. Ne2 Kg5 46. Re7 Bf3 47.
Nd4 Rc3 48. Rxa7 Be4+ 49. Kf2 g3+ 50. Ke2 g2 51. Rg7+ Kf6 52. Rg8 Bd5 53. Rg4 h5 0-1